 Dungeon Crawl Stone Soup version 0.30-a0-782-ge64f9170bb (webtiles) character file.

Game seed: 11008969214597524746

2373 funkygono the Cleaver (level 9, -2/78 HPs)
             Began as a Minotaur Fighter on Mar 17, 2023.
             Was an Initiate of Okawaru.
             Succumbed to a killer bee's poison
             ... on level 8 of the Dungeon.
             The game lasted 00:08:34 (6653 turns).

funkygono the Cleaver (Minotaur Fighter)            Turns: 6653, Time: 00:08:35

Health: -2/78      AC: 14    Str: 25    XL:     9   Next: 21%
Magic:  8/8        EV:  7    Int:  5    God:    Okawaru [......]
Gold:   293        SH:  5    Dex: 10    Spells: 8/8 levels left

rFire   . . .      SeeInvis .    a - +2 war axe
rCold   . . .      Faith    .    c - +0 buckler
rNeg    + . .      Spirit   .    b - +0 plate armour
rPois   .          Reflect  .    (helmet restricted)
rElec   .          Harm     .    H - +0 cloak
rCorr   .          Rampage  .    (no gloves)
Will    .....                    (no boots) Stlth
                                 (no amulet)
HPRegen 0.33/turn                w - ring of positive energy
MPRegen 0.11/turn                y - ring of wizardry

@: lethally poisoned (-2 -> -15)
A: horns 2, retaliatory headbutt
a: Renounce Religion


You were on level 8 of the Dungeon.
You worshipped Okawaru.
Okawaru was noncommittal.
You visited 1 branch of the dungeon, and saw 8 of its levels.

You collected 360 gold pieces.
You spent 67 gold pieces at shops.

Inventory:

Hand Weapons
 a - a +2 war axe (weapon)
Missiles
 A - 4 silver boomerangs (quivered)
Armour
 b - a +0 plate armour (worn)
 c - a +0 buckler (worn)
 H - a +0 cloak (worn)
Jewellery
 w - a ring of positive energy (left hand)
 y - a ring of wizardry (right hand)
Wands
 o - a wand of iceblast (9)
 u - a wand of mindburst (18)
 C - a wand of flame (26)
Scrolls
 e - 2 scrolls of poison
 i - a scroll of immolation
 l - a scroll of teleportation
 m - 3 scrolls of fog
 x - a scroll of torment
Potions
 d - 3 potions of might
 h - a potion of lignification
 k - 3 potions of magic
 n - a potion of heal wounds
 p - 3 potions of curing
 s - a potion of invisibility
 t - 2 potions of mutation
 v - a potion of brilliance
 B - a potion of resistance {unknown}
 E - a potion of cancellation {unknown}
 F - a potion of ambrosia {unknown}
 G - a potion of flight {unknown}
 I - a potion of haste {unknown}


   Skills:
 + Level 6.6 Fighting
 + Level 11.1 Axes
 + Level 7.7 Armour
 + Level 0.7 Dodging
 + Level 0.6 Stealth
 + Level 5.9 Shields


You had 8 spell levels left.
You didn't know any spells.
Your spell library contained the following spells:

 Spells                   Type           Power      Damage    Failure   Level
 Slow                     Hex            0%         N/A       96%         1
 Confusing Touch          Hex            0%         N/A       100%        3
 Vampiric Draining        Necr           0%         2d6       100%        3


Dungeon Overview and Level Annotations

Branches:
Dungeon (8/15)             Temple (0/1) D:7
   Lair: D:8-11

Altars:
Cheibriados
Gozag
Hepliaklqana
Kikubaaqudgha
Makhleb
Okawaru
Qazlal
Ru
Trog
Uskayaw
Wu Jian
Xom

Shops:
D:7 [


Innate Abilities, Weirdness & Mutations

You have a pair of horns on your head.
You reflexively headbutt those who attack you in melee.


Message History

The killer bee poisons you!
The killer bee stings you but does no damage.
The killer bee stings you.
* * * LOW HITPOINT WARNING * * *
You are more poisoned.
The killer bee poisons you! You block the killer bee's attack.
The killer bee stings you but does no damage.
You feel much better.
You feel extremely sick.
The killer bee stings you but does no damage.
The killer bee closely misses you. You furiously retaliate!
You headbutt the killer bee!
You kill the killer bee!
Okawaru accepts your kill. The killer bee barely misses you.
You furiously retaliate!
You headbutt the killer bee!
You kill the killer bee!
Okawaru accepts your kill.
The killer bee stings you but does no damage.
The killer bee stings you.
A white imp comes into view.
The killer bee barely misses you.
* * * LOW HITPOINT WARNING * * *
You feel extremely sick. You block the killer bee's attack.
The killer bee stings you but does no damage.
The killer bee barely misses you.
The killer bee attacks as you move away!
The killer bee stings you but does no damage.
* * * LOW HITPOINT WARNING * * *
You feel very sick.
The killer bee stings you but does no damage.
The killer bee stings you.
* * * LOW HITPOINT WARNING * * *
The killer bee stings you.
* * * LOW HITPOINT WARNING * * *
* * * LOW HITPOINT WARNING * * *
You feel very sick.
The killer bee stings you but does no damage. x2
You die...

#...... #...#.#.. ##.#
#...#.#..###..# .#
#.....#....#..####.#####.
###.....##.#.#... .........
................. .........
..<.....##.#.#.# .........
####..).##.#...#####.#.....#
....))).........@.y........
####....##......##y..#..#..#
..............[......†>....#
.............~..~..†.#.##..#
######.###..~~~~.......#
#.#....~≈~~~....5..
#.#....~~~~~~...#....
..#....~~~~≈~........
###...≈.~~~.~........


You could see 2 killer bees.

Vanquished Creatures
  2 ice beasts
  A sky beast (D:7)
  An ogre (D:6)
  2 centaurs
  A phantom (D:5)
  2 kobold brigands
  3 bullfrogs
  3 necrophages (D:5)
  3 scorpions
  2 killer bees (D:8)
  2 howler monkeys
  5 hounds
  4 jellies
  3 orc priests
  A gnoll bouda (D:4)
  3 iron imps (D:3)
  Ijyb (D:5)
  2 iguanas
  5 orc wizards
  9 gnolls
  3 adders
  A shadow imp (D:5)
  2 white imps
  25 orcs
  5 ball pythons
  5 endoplasms
  4 giant cockroaches
  6 goblins
  7 hobgoblins
  5 jackals
  11 kobolds
  4 quokkas
  5 bats
  2 frilled lizards
  3 rats (D:2)
143 creatures vanquished.

Vanquished Creatures (others)
  2 fungi (D:3)
  15 plants (D:3)
17 creatures vanquished.

Grand Total: 160 creatures vanquished

Notes
Turn   | Place    | Note
-------+----------+-------------------------------------------
     0 | D:1      | funkygono the Minotaur Fighter began the quest for the Orb.
     0 | D:1      | Reached XP level 1. HP: 19/19 MP: 0/0
   160 | D:1      | Reached XP level 2. HP: 27/27 MP: 1/1
   940 | D:2      | Reached XP level 3. HP: 25/33 MP: 2/2
   943 | D:2      | Reached skill level 3 in Axes
  1489 | D:2      | Reached XP level 4. HP: 40/40 MP: 3/3
  1633 | D:3      | Reached skill level 4 in Axes
  1798 | D:3      | Reached XP level 5. HP: 44/47 MP: 4/4
  2017 | D:3      | Found a shimmering altar of Xom.
  2070 | D:3      | Found an opulent altar of Gozag.
  2070 | D:3      | Found an opulent altar of Gozag.
  2075 | D:3      | Found an opulent altar of Gozag.
  2103 | D:3      | Found an opulent altar of Gozag.
  2472 | D:3      | Found a burning altar of Makhleb.
  2493 | D:3      | Reached skill level 5 in Axes
  2499 | D:3      | Reached XP level 6. HP: 40/53 MP: 5/5
  2580 | D:3      | Found a faded altar of an unknown god.
  2648 | D:4      | Reached skill level 5 in Armour
  2708 | D:4      | Reached skill level 6 in Axes
  2954 | D:4      | Found a snail-covered altar of Cheibriados.
  2961 | D:4      | Reached skill level 5 in Fighting
  3009 | D:4      | Reached XP level 7. HP: 34/61 MP: 6/6
  3393 | D:5      | Entered Level 5 of the Dungeon
  3482 | D:5      | Reached skill level 7 in Axes
  3656 | D:5      | Reached skill level 5 in Shields
  3949 | D:5      | Found a sacrificial altar of Ru.
  4060 | D:5      | Noticed Ijyb
  4071 | D:5      | Killed Ijyb
  4072 | D:5      | Reached skill level 8 in Axes
  4185 | D:5      | Reached XP level 8. HP: 67/69 MP: 7/7
  4702 | D:6      | Reached skill level 9 in Axes
  4852 | D:6      | Found a bloodstained altar of Trog.
  4922 | D:6      | Found a hazy altar of Hepliaklqana.
  5191 | D:6      | Found a hide-covered altar of Uskayaw.
  5481 | D:7      | Reached skill level 10 in Axes
  5518 | D:7      | Found a staircase to the Ecumenical Temple.
  5551 | D:7      | Found an ornate altar of the Wu Jian Council.
  5911 | D:7      | Found a stormy altar of Qazlal.
  5990 | D:7      | Found an ancient bone altar of Kikubaaqudgha.
  6027 | D:7      | Reached XP level 9. HP: 41/75 MP: 8/8
  6255 | D:7      | Found Xurghies's Armour Shoppe.
  6298 | D:7      | Bought a +0 cloak for 67 gold pieces
  6359 | D:7      | Found an iron altar of Okawaru.
  6364 | D:7      | Became a worshipper of Warmaster Okawaru
  6630 | D:8      | Reached skill level 11 in Axes
  6652 | D:8      | HP: 1/78 [poisoned by a killer bee]
  6653 | D:8      | Succumbed to a killer bee's poison

Illustrated notes

Levels and vault maps discovered:
D:1:      dpeg_arrival_houses_and_road, layout_basic
D:2:      layout_basic, minmay_strange_pillars
D:3:      layout_basic, nicolae_gozag_conspicuous_consumption, demons_altar,
          mainiacjoe_overflow_chevrons, dilly_ecumenical_altar_fadedgnrine
D:4:      layout_rooms, mainiacjoe_overflow_cross_hatched, st_stairs_9
D:5:      layout_layer_cave, lemuel_doored_altar, uniq_ijyb
D:6:      layout_loops_ring, nicolae_uskayaw_dance_studio,
          mainiacjoe_overflow_large_starburst
D:7:      layout_loops_corners, tgw_kikubaaqudgha, mainiacjoe_overflow_alcove_4,
          mainiacjoe_overflow_tiny_flanked, kennysheep_little_box,
          minmay_temple_entry_ruins, serial_shops, nicolae_diamond_shop
D:8:      layout_basic, good_gods_temple_1, mainiacjoe_overflow_surrounded_room,
          erik_lair_dragon, serial_ice, serial_ice_f, serial_ice_l,
          serial_ice_e, serial_ice_m, minmay_misc_feat_ornament, st_stairs_5,
          uniq_maggie, uniq_gastronok, uniq_joseph

Skill      XL: |  1  2  3  4  5  6  7  8  9 |
---------------+----------------------------+-----
Fighting       | 4 5 6 |  6.6
Armour         | 4 5 6 7 |  7.7
Shields        | 4 5 |  5.9
Axes           | 3 4 5 6 8 10 11 | 11.1
Dodging        | |  0.7
Stealth        | |  0.6

Action                     |  1- 3 |  4- 6 |  7- 9 || total
---------------------------+-------+-------+-------++-------
  Melee: War axe           |    57 |   115 |   190 ||   362
         Headbutt          |    12 |    24 |    26 ||    62
    Use: Scroll            |       |       |    19 ||    19
         Potion            |       |       |     1 ||     1
 Armour: Scale mail        |     7 |       |       ||     7
         Plate armour      |     9 |    70 |   122 ||   201
  Dodge: Dodged            |    17 |    35 |    52 ||   104
  Block: Buckler           |    11 |    21 |    36 ||    68

Table legend: (Time is in decaauts)
 A = Elapsed time spent in this place.
 B = Non-inter-level travel time spent in this place.
 C = Inter-level travel time spent in this place.
 D = Time resting spent in this place.
 E = Time spent auto-exploring this place.
 F = Levels seen in this place.
 G = Mean time per level.
                   A        B        C        D        E       F      G
               +--------+--------+--------+--------+--------+-----+--------+
         Total |   6723 |   6481 |    242 |     11 |   5430 |   8 |  840.4 |
       Dungeon |   6723 |   6481 |    242 |     11 |   5430 |   8 |  840.4 |
               +--------+--------+--------+--------+--------+-----+--------+

Top non-repeatable levels by time:
     D:5: 1237 daAuts
     D:7: 1126 daAuts
     D:3: 1086 daAuts
     D:2: 868 daAuts
     D:6: 837 daAuts
     D:4: 762 daAuts
     D:1: 731 daAuts
     D:8: 72 daAuts
